 Dungeon Crawl Stone Soup version 0.25-a0-290-g4a1327ee3a (webtiles) character file.

Game seed: 8580824458528911938, levelgen mode: deterministic

1062 floatRand the Covert (level 8, -3/39 HPs)
             Began as a Spriggan Berserker on Dec 14, 2019.
             Was an Elder of Trog.
             Slain by a hell rat (6 damage)
             ... on level 7 of the Dungeon.
             The game lasted 00:09:06 (7218 turns).

floatRand the Covert (Spriggan Berserker)           Turns: 7218, Time: 00:09:07

Health: -3/39      AC:  4    Str: 13    XL:     8   Next: 6%
Magic:  11/11      EV: 19    Int:  6    God:    Trog [****..]
Gold:   208        SH:  0    Dex: 17    Spells: 7/7 levels left

rFire    . . .     SeeInvis +   j - +4 short sword (pierce)
rCold    . . .     Gourm    .   (shield restricted)
rNeg     . . .     Faith    .   b - +1 animal skin
rPois    .         Spirit   .   (helmet restricted)
rElec    .         Reflect  .   u - +0 cloak
rCorr    .         Harm     .   (gloves unavailable)
MR       +....                  (boots unavailable)
Stlth    +++++.....             (no amulet)
HPRegen  0.13/turn              t - -3 ring of intelligence (curse)
MPRegen  0.12/turn              (no ring)

@: lightly drained, very quick
A: very small, unfitting armour, see invisible, herbivore, speed 3, slow
metabolism 2
a: Berserk, Trog's Hand, Brothers in Arms, Renounce Religion


You were on level 7 of the Dungeon.
You worshipped Trog.
Trog was greatly pleased with you.
You were hungry.

You visited 1 branch of the dungeon, and saw 7 of its levels.

You collected 307 gold pieces.
You spent 99 gold pieces at shops.

Inventory:

Hand Weapons
 a - a +0 short sword
 c - the +6 hand axe "Lahun" {flame, MR+, unknown}
   (You found it on level 4 of the Dungeon)

   It has been specially enchanted to burn those struck by it, causing extra
   injury to most foes and up to half again as much damage against particularly
   susceptible opponents.
   Big, fiery blades are also staple armaments of hydra-hunters.
   It affects your resistance to hostile enchantments.
 d - a +2 dagger of protection
 j - a +4 short sword of piercing (weapon)
 s - a +2 whip of venom
Armour
 b - a +1 animal skin (worn)
 u - a +0 cloak (worn)
Jewellery
 t - a cursed -3 ring of intelligence (left hand)
Wands
 q - a wand of enslavement (14)
Scrolls
 e - a scroll of identify
 g - 4 scrolls of teleportation
 h - 5 scrolls of remove curse
 o - a scroll of blinking
 p - 2 scrolls of fear
Potions
 f - 8 potions of curing
 i - a potion of magic
 l - a potion of mutation {unknown}
 m - a potion of lignification
 n - 2 potions of degeneration
 r - 2 potions of agility
 v - a potion of haste {unknown}
Comestibles
 k - 4 rations


   Skills:
 - Level 2.4(1.8) Fighting
 + Level 6.4(5.8) Short Blades
 - Level 4.4(3.8) Dodging
 * Level 11.0(10.3) Stealth
 * Level 3.9(3.4) Evocations


You had 7 spell levels left.
You didn't know any spells.
Your spell library was empty.

Dungeon Overview and Level Annotations

Branches:
Dungeon (7/15)             Temple (0/1) D:4

Altars:
Okawaru
Qazlal
Zin

Shops:
D:4 *%!?

Annotations:
D:2 1 runed translucent door, Crazy Yiuf


Innate Abilities, Weirdness & Mutations

You are very small and have problems with some larger weapons.
You are too small for most types of armour.
You have supernaturally acute eyesight. (SInv)
You are a herbivore.
You cover ground extremely quickly.
You need to consume almost no food.


Message History

You feel drained. The hound misses you.
You hit the hound.
The hound is moderately wounded.
The hell rat misses you. The hound completely misses you.
You hit the hound.
The hound is heavily wounded.
The hell rat misses you. The hound misses you.
Unknown command.
You puncture the hound!
You kill the hound!
Trog accepts your kill. The hell rat barely misses you.
Unknown command.
You see here a hound corpse.
You hit the hell rat but do no damage.
The hell rat is lightly wounded.
The hell rat bites you!
* * * LOW HITPOINT WARNING * * *
You feel drained.
You die...

#########
##.......#
#.or.....#
#rrrr..... #
##rrr.....
#.####
#r##......
..#.##@#.##....
#.#.†##.# #.#
#†††#.# #
#†...# #.#.#.#
#.##.#.#
#..##..#.
####.####. #.##
##


You could see a hell rat, a river rat, an orc and 3 rats.

Vanquished Creatures
  2 sky beasts
  A centaur (D:6)
  2 howler monkeys
  A crimson imp (D:5)
  2 bullfrog skeletons (D:7)
  2 jellies (D:6)
  2 orc priests
  2 hounds (D:7)
  4 worker ants
  2 orc wizards
  A howler monkey skeleton (D:4)
  10 adders
  4 gnolls
  2 river rats (D:7)
  A shadow imp (D:5)
  5 worms
  An adder skeleton (D:6)
  3 leopard geckos
  19 orcs
  3 ball pythons
  4 giant cockroaches
  4 goblins
  6 hobgoblins
  8 jackals
  5 quokkas
  13 bats
  4 frilled lizards
  9 kobolds
  14 rats
136 creatures vanquished.

Vanquished Creatures (others)
  An orc warrior (D:7)
1 creature vanquished.

Grand Total: 137 creatures vanquished

Notes
Turn   | Place    | Note
-------+----------+-------------------------------------------
     0 | D:1      | floatRand the Spriggan Berserker began the quest for the
                  | Orb.
     0 | D:1      | Reached XP level 1. HP: 11/11 MP: 2/2
    46 | D:1      | Reached skill level 1 in Stealth
    81 | D:1      | Reached skill level 2 in Stealth
    91 | D:1      | Reached XP level 2. HP: 8/16 MP: 3/3
   426 | D:1      | Reached skill level 3 in Stealth
   568 | D:1      | Reached XP level 3. HP: 19/19 MP: 4/4
   861 | D:1      | Reached ** piety under Trog
   861 | D:1      | Reached skill level 4 in Stealth
  1498 | D:2      | Reached skill level 5 in Stealth
  1498 | D:2      | Reached XP level 4. HP: 18/23 MP: 5/5
  2969 | D:2      | Reached skill level 6 in Stealth
  3147 | D:2      | Reached XP level 5. HP: 27/27 MP: 6/6
  3323 | D:2      | Found a runed translucent door.
  3324 | D:2      | Noticed Crazy Yiuf
  3680 | D:3      | Reached *** piety under Trog
  4036 | D:3      | Reached skill level 7 in Stealth
  4275 | D:4      | Found Jallup's Food Emporium.
  4288 | D:4      | Found Sumnisell's Assorted Antiques.
  4298 | D:4      | Bought a scroll labeled NIRUEXA NIDODGH for 29 gold pieces
  4298 | D:4      | Bought a green potion for 26 gold pieces
  4384 | D:4      | Got a transparent hand axe
  4465 | D:4      | Found Jiruabak's Distillery.
  4469 | D:4      | Found a staircase to the Ecumenical Temple.
  4493 | D:4      | Bought a potion of degeneration for 11 gold pieces
  4493 | D:4      | Bought a potion of lignification for 33 gold pieces
  4500 | D:4      | Found Loutedom's Magic Scroll Boutique.
  4592 | D:4      | Reached skill level 5 in Short Blades
  4592 | D:4      | Reached XP level 6. HP: 32/32 MP: 7/7
  4678 | D:5      | Entered Level 5 of the Dungeon
  4751 | D:5      | Reached skill level 8 in Stealth
  4833 | D:5      | Noticed a sky beast
  4839 | D:5      | Killed a sky beast
  4839 | D:5      | Reached skill level 9 in Stealth
  4961 | D:5      | Found a glowing silver altar of Zin.
  5053 | D:6      | Reached XP level 7. HP: 28/35 MP: 8/8
  5499 | D:6      | Got a bloodstained quarterstaff
  5647 | D:6      | Identified the cursed +1 quarterstaff of Weful {crush,
                  | rPois} (You found it on level 6 of the Dungeon)
  5774 | D:5      | Reached skill level 10 in Stealth
  5774 | D:5      | Reached skill level 1 in Evocations
  6834 | D:7      | Found a stormy altar of Qazlal.
  6916 | D:7      | Found an iron altar of Okawaru.
  6992 | D:7      | Reached **** piety under Trog
  6992 | D:7      | Reached XP level 8. HP: 33/39 MP: 11/11
  7203 | D:7      | Reached skill level 11 in Stealth
  7218 | D:7      | Slain by a hell rat

Levels and vault maps discovered:
D:1:      onia_arrival_mini_spirals, layout_rooms, serial_corexii_hall,
          corexii_hall_statues_i, chequers_hall_statues_corner_a,
          chequers_serial_rivers_micro_a
D:2:      layout_rooms, uniq_crazy_yiuf_cottage
D:3:      layout_loops_corners
D:4:      layout_basic, temple_statues, serial_shops,
          nicolae_shop_window_shopping, shop, shop_statue, shop_fountains,
          first_ration, nicolae_underground_beach
D:5:      layout_gridville, basic_altar
D:6:      layout_cave_pools, nicolae_sextant
D:7:      lemuel_ratsnest, layout_loops_ring, nicolae_qazlal_general_emergency,
          basic_altar, columned_hall_lemuel

Skill      XL: |  1  2  3  4  5  6  7  8 |
---------------+-------------------------+-----
Stealth        | 2 3 5 6 7 9 10 11 | 11.0
Short Blades   | 4 5 6 |  6.4
Evocations     | 3 |  3.9
Fighting       | |  2.4
Dodging        | |  4.4

Action                   |  1- 3 |  4- 6 |  7- 9 || total
-------------------------+-------+-------+-------++-------
Melee: Short sword       |   159 |   221 |   106 ||   486
       Dagger            |       |    51 |       ||    51
Evoke: Wand              |       |       |     2 ||     2
  Use: Potion            |     1 |       |       ||     1
       Scroll            |       |    11 |     3 ||    14
 Stab: Sleeping          |     4 |    20 |    15 ||    39
       Distracted        |       |     2 |       ||     2
  Eat: Ration            |       |     1 |     1 ||     2
Armor: Animal skin       |    16 |    20 |     3 ||    39
Dodge: Dodged            |   175 |   184 |    75 ||   434

Table legend:
 A = Non-vault XP
 B = Vault XP
 C = Vault XP percentage of total XP
 D = Non-vault monster count
 E = Vault monster count
 F = Vault count percentage of total count
                 A         B        C        D         E       F
            +---------+---------+-------+---------+---------+-------
      Total |    1484 |      34 |   2.2 |     128 |       8 |   5.9
            +---------+---------+-------+---------+---------+-------
        D:1 |      55 |       0 |   0.0 |      27 |       0 |   0.0
        D:2 |     172 |       0 |   0.0 |      34 |       0 |   0.0
        D:3 |      77 |       0 |   0.0 |      24 |       0 |   0.0
        D:4 |     105 |       0 |   0.0 |       7 |       0 |   0.0
        D:5 |     292 |       0 |   0.0 |       7 |       0 |   0.0
        D:6 |     310 |       0 |   0.0 |      15 |       0 |   0.0
        D:7 |     473 |      34 |   6.7 |      14 |       8 |  36.4
            +---------+---------+-------+---------+---------+-------
